 Dungeon Crawl Stone Soup version 0.29-a0-757-g358383bc75 (webtiles) character file.

Game seed: 7040082059107512216

232998 ZappyNine the End of an Era (level 18, -3/170 HPs)
             Began as a Minotaur Fighter on June 23, 2022.
             Was the Champion of Qazlal.
             Killed from afar by a fire dragon (6 damage)
             ... with a blast of flame
             ... on level 1 of the Depths on June 30, 2022.
             The game lasted 01:07:29 (40188 turns).

ZappyNine the End of an Era (Minotaur Fighter)     Turns: 40188, Time: 01:07:29

Health: -3/170     AC: 31    Str: 35      XL:     18   Next: 40%
Magic:  0/29       EV: 11    Int:  1 (5)  God:    Qazlal [******]
Gold:   2542       SH: 38    Dex: 10 (11) Spells: 28/30 levels left

rFire   + + +      SeeInvis .   G - +12 lance "Wyrmbane" {slay drac, rPois rF+ rC+ AC+3}
rCold   + + .      Faith    .   q - +4 tower shield {AC+3}
rNeg    + + .      Spirit   +   u - +0 pearl dragon scales
rPois   +          Reflect  .   (helmet restricted)
rElec   +          Harm     .   W - +0 cloak
rCorr   +          Rampage  +   D - +2 pair of gloves {hurl}
Will    +....                   b - +1 pair of boots {rampage}
Stlth   ..........              c - brooch of Shielding {Spirit SH+8}
HPRegen 0.38/turn               M - ring of resist corrosion
MPRegen 0.21/turn               d - ring of Truth {Fly rElec rPois rN+ Str+7}

@: resistant, protected from fire, flying, hasted, repel missiles, very quick
A: horns 2, retaliatory headbutt
}: 2/15 runes: decaying, gossamer
a: Renounce Religion, Upheaval, Elemental Force, Disaster Area


You were on level 1 of the Depths.
You worshipped Qazlal.
Qazlal was exalted by your worship.
You visited 6 branches of the dungeon, and saw 32 of its levels.
You also visited: Bailey, Gauntlet and Ice Cave.

You collected 2943 gold pieces.
You spent 401 gold pieces at shops.

Inventory:

Hand Weapons
 G - the +12 lance "Wyrmbane" (weapon) {slay drac, rPois rF+ rC+ AC+3}
   (You took it off Maggie on level 6 of the Dungeon)

   It inflicts extra damage against dragons and draconians.
   AC:        It affects your AC (+3).
   rF:        It protects you from fire.
   rC:        It protects you from cold.
   rPois:     It protects you from poison.
Missiles
 O - a throwing net (quivered)
 U - 8 javelins
Armour
 b - a +1 pair of boots of rampaging (worn)
 q - a +4 tower shield of protection (worn)
 r - +0 ice dragon scales
 u - +0 pearl dragon scales (worn)
 D - a +2 pair of gloves of hurling (worn)
 K - +0 fire dragon scales
 W - a +0 cloak (worn)
Jewellery
 c - the brooch of Shielding (around neck) {Spirit SH+8}
   (You acquired it on level 13 of the Dungeon)

   [amulet of guardian spirit]

   It causes incoming damage to be divided between your reserves of health and
   magic.
   SH:        It affects your SH (+8).
 d - the ring of Truth (right hand) {Fly rElec rPois rN+ Str+7}
   (You acquired it on level 3 of the Spider Nest)

   [ring of positive energy]

   Str:       It affects your strength (+7).
   rElec:     It insulates you from electricity.
   rPois:     It protects you from poison.
   rN:        It protects you from negative energy.
   Fly:       It grants you flight.
 p - a ring of protection from cold
 M - a ring of resist corrosion (left hand)
Wands
 s - a wand of acid (18)
 t - a wand of iceblast (30)
 z - a wand of charming (22)
 C - a wand of flame (26)
 E - a wand of digging (5)
Scrolls
 g - 3 scrolls of brand weapon
 h - 3 scrolls of torment
 k - 3 scrolls of summoning
 n - 4 scrolls of poison
 w - 4 scrolls of fog
 x - 8 scrolls of teleportation
 y - 7 scrolls of blinking
 A - 2 scrolls of silence
 N - 5 scrolls of enchant weapon
 R - 3 scrolls of magic mapping
 X - 2 scrolls of amnesia
 Y - 26 scrolls of identify
 Z - 7 scrolls of fear
Potions
 a - 6 potions of flight
 f - 7 potions of curing
 i - 10 potions of mutation
 l - 6 potions of haste
 m - 2 potions of invisibility
 o - 24 potions of ambrosia
 v - 7 potions of brilliance
 F - 3 potions of might
 I - 3 potions of heal wounds
 J - 6 potions of lignification
 Q - 3 potions of cancellation
 S - 3 potions of magic
 T - a potion of resistance


   Skills:
 - Level 17.5 Fighting
 - Level 8.9(13.4) Axes
 - Level 16.0(16.8) Polearms
 - Level 16.6 Armour
 - Level 8.9 Dodging
 + Level 16.0 Shields
 - Level 6.5 Spellcasting
 - Level 4.2 Transmutations
 - Level 17.8 Invocations


You had 28 spell levels left.
You knew the following spells:

 Your Spells              Type           Power      Damage    Failure   Level
a - Wereblood             Tmut           1%         N/A       45%         2

Your spell library contained the following spells:

 Spells                   Type           Power      Damage    Failure   Level
 Beastly Appendage        Tmut           2%         N/A       34%         1
 Foxfire                  Conj/Fire      0%         2x1d4     89%         1
 Freeze                   Ice            0%         1d3       89%         1
 Magic Dart               Conj           0%         1d3       89%         1
 Sandblast                Erth           0%         2d4       89%         1
 Shock                    Conj/Air       0%         1d3       89%         1
 Slow                     Hex            0%         N/A       89%         1
 Summon Small Mammal      Summ           0%         N/A       89%         1
 Spider Form              Tmut/Pois      0%         N/A       94%         3
 Blink                    Tloc           0%         N/A       96%         2
 Call Imp                 Summ           0%         N/A       96%         2
 Ensorcelled Hibernation  Hex/Ice        0%         N/A       96%         2
 Poisonous Vapours        Pois/Air       0%         N/A       96%         2
 Searing Ray              Conj           0%         2d4       96%         2
 Sublimation of Blood     Necr           0%         N/A       96%         2
 Ignite Poison            Fire/Tmut/Pois 0%         N/A       97%         3
 Call Canine Familiar     Summ           0%         N/A       99%         3
 Conjure Flame            Conj/Fire      0%         6-21      99%         3
 Frozen Ramparts          Ice            0%         1d2       99%         3
 Gell's Gravitas          Tloc           0%         N/A       99%         3
 Inner Flame              Hex/Fire       0%         N/A       99%         3
 Lesser Beckoning         Tloc           0%         N/A       99%         3
 Mephitic Cloud           Conj/Pois/Air  0%         N/A       99%         3
 Stone Arrow              Conj/Erth      0%         3d7       99%         3
 Summon Guardian Golem    Hex/Summ       0%         N/A       99%         3
 Swiftness                Air            0%         N/A       99%         3
 Teleport Other           Tloc           0%         N/A       99%         3
 Airstrike                Air            0%         N/A       100%        4
 Animate Armour           Summ/Erth      0%         N/A       100%        4
 Corpse Rot               Necr/Pois/Air  0%         N/A       100%        4
 Flame Wave               Conj/Fire      0%         2d4       100%        4
 Fulminant Prism          Conj/Hex       0%         3d6       100%        4
 Hailstorm                Conj/Ice       0%         3d3       100%        4
 Petrify                  Tmut/Erth      0%         N/A       100%        4
 Summon Ice Beast         Ice/Summ       0%         N/A       100%        4
 Summon Lightning Spire   Summ/Air       0%         N/A       100%        4
 Irradiate                Conj/Tmut      0%         3d13      100%        5
 Lee's Rapid Deconstruct  Erth           0%         3d5*      100%        5
 Lightning Bolt           Conj/Air       0%         1d11      100%        5
 Manifold Assault         Tloc           0%         N/A       100%        5
 Metabolic Englaciation   Hex/Ice        0%         N/A       100%        5
 Summon Forest            Summ/Tloc      0%         N/A       100%        5
 Summon Mana Viper        Hex/Summ       0%         N/A       100%        5
 Yara's Violent Unravell  Hex/Tmut       0%         3d3       100%        5
 Conjure Ball Lightning   Conj/Air       0%         3x3d6     100%        6
 Statue Form              Tmut/Erth      0%         N/A       100%        6
 Summon Cactus Giant      Summ           0%         N/A       100%        6
 Enfeeble                 Hex            0%         N/A       100%        7
 Monstrous Menagerie      Summ           0%         N/A       100%        7
 Storm Form               Tmut/Air       0%         N/A       100%        7
 Lehudib's Crystal Spear  Conj/Erth      0%         10d2      100%        8
 Maxwell's Capacitive Co  Air            0%         ∞         100%        8
 Polar Vortex             Ice            0%         N/A       100%        9


Dungeon Overview and Level Annotations

Branches:
Dungeon (15/15)            Temple (0/1) D:6            Lair (6/6) D:11
  Swamp (4/4) Lair:4       Spider (4/4) Lair:3        Slime (0/5) Lair:5
    Orc (2/2) D:10            Elf (0/3) Orc:2        Vaults (0/5) D:13
 Depths (1/4) D:15         Bailey (visited)           IceCv (visited)
Gauntlet (visited)

Altars:
Cheibriados
Elyvilon
Fedhas
Hepliaklqana
Kikubaaqudgha
Qazlal
Sif Muna
Uskayaw
Xom
Zin
The Shining One
Beogh
Jiyva

Shops:
D:15 =   Orc:1 [   Orc:2 [*?[

Portals:
Abyss: Depths:1
Pandemonium: Depths:1
Trove: D:14 (give +3 shadow dragon scales)

Annotations:
Lair:5 1 runed translucent door, SirDiesAlot's ghost, journeyman DEEE
Spider:1 2 transporters, exclusion: orange crystal statue, Arachne; Efoceph's ghost, adept GnFi; Lahaam's ghost, adept MiBe
Depths:1 Louise


Innate Abilities, Weirdness & Mutations

You have a pair of horns on your head.
You reflexively headbutt those who attack you in melee.


Message History

Found a scroll of fog.
The stone giant is engulfed in blazing flames.
Okay, then.
The white ugly thing is engulfed in freezing vapours.
The white ugly thing attacks as you move away!
You block the white ugly thing's attack.
The white very ugly thing is engulfed in freezing vapours.
Louise is engulfed in freezing vapours.
Louise gestures wildly while chanting.
Louise blinks!
The white ugly thing basks in the mutagenic energy from its kin and changes!
The stone giant attacks as you move away!
The stone giant hits you but does no damage.
The stone giant throws a large rock.
You block the large rock.
You hear a chilling moan.
The fire dragon breathes flames at you. The blast of flame hits you.
You resist.
You feel more protected from fire.
* * * LOW HITPOINT WARNING * * *
The stone giant throws a large rock.
You block the large rock. You block the fire dragon's attack.
The fire dragon barely misses you. You block the fire dragon's attack.
Found a one-way gate leading to the halls of Pandemonium.
You hear a roar!
Louise mumbles some strange words.
Louise blinks!
Your intelligence has recovered.
You feel yourself speed up.
The fire dragon is engulfed in blazing flames.
The fire dragon breathes flames at you. The blast of flame hits you.
You resist.
You feel more protected from fire.
* * * LOW HITPOINT WARNING * * *
Unknown command.
The fire dragon is engulfed in blazing flames.
The stone giant is engulfed in freezing vapours.
The white very ugly thing is engulfed in blazing flames.
The fire dragon breathes flames at you. The blast of flame hits you!
You resist.
You die...

#..∩..#...†..# #.÷#
.#...##@.#....########..#######.
.#......#.......................
?.#.C..#...............()(......
...####u.######..#######<.######
.#....2..# #..# #..#
######..######..#######.?#
...........u..°§...........
..........CD.☼..@...........
.#.#..#######.§#########..###
#.#.#. #.○# #..# #.#.. ......
.... #.#.# ........ ∩#.#
#..######## #.. ..


You could see a white very ugly thing, a fire dragon (catching breath) and a
stone giant.

Vanquished Creatures
  Saint Roka (Orc:2)
  Asterion (Spider:4)
  A thorn hunter (Swamp:4)
  A storm dragon (shapeshifter) (D:15)
  A fenstrider witch (Swamp:2)
  A fire giant (Depths:1)
  3 ghost moths (Spider:4)
  6 emperor scorpions
  2 spriggan defenders (D:15)
  A reaper (IceCv)
  3 very ugly things
  3 broodmothers
  3 stone giants
  3 entropy weavers (Spider:3)
  6 eleionomae
  Nessos (Orc:2)
  6 bunyips
  A dire elephant (Lair:6)
  A minotaur (Gauntlet)
  4 fire dragons
  A shambling mangrove (Swamp:2)
  2 vault guards (Bailey)
  2 ice dragons
  14 hydras
  2 ghost crabs (Swamp:4)
  3 boulder beetles
  An ogre mage (D:15)
  5 jorogumos
  4 catoblepae
  6 centaur warriors
  A merfolk avatar (Lair:6)
  8 two-headed ogres
  2 dancing weapons (D:13)
  8 alligators
  4 orc high priests (Orc:2)
  2 radroaches
  A vampire mage (D:15)
  7 death yaks
  A tengu warrior (D:9)
  Nergalle (Lair:1)
  A spriggan berserker (Depths:1)
  6 pharaoh ants
  6 goliath frogs
  7 skeletal warriors
  4 sun moths
  6 steelbarb worms
  2 spriggan druids
  5 bog bodies
  10 orb spiders
  12 swamp dragons
  3 lindwurms
  6 orc knights
  A wizard (D:15)
  2 deep elf pyromancers
  A necromancer (D:15)
  4 cyclopes
  A stone giant zombie (D:15)
  9 ugly things
  7 orc sorcerers
  2 frost giant zombies (D:15)
  26 wolf spiders
  2 will-o-the-wisps (Swamp:4)
  5 manticores
  4 black mambas
  Joseph (Lair:1)
  2 moths of wrath (Spider:1)
  2 ice statues (IceCv)
  4 elephants (Lair:6)
  7 torpor snails
  5 cane toads
  Maggie (D:6)
  6 demonic crawlers
  3 kobold demonologists (D:10)
  3 unseen horrors
  6 komodo dragons
  An anaconda simulacrum (IceCv)
  2 rime drakes
  A freezing wraith (IceCv)
  6 ice devils (IceCv)
  2 queen bees
  9 meliai
  3 large abominations (Gauntlet)
  5 polar bears
  9 trolls
  16 hornets
  8 tyrant leeches
  17 tarantellas
  4 wind drakes (Lair:6)
  Prince Ribbit (Bailey)
  Grinder (D:4)
  6 dream sheep (Lair:4)
  5 slime creatures
  26 culicivoras
  2 shadows
  5 small abominations (Gauntlet)
  10 spriggans
  3 wraiths
  17 jumping spiders
  An ettin skeleton (D:15)
  Eustachio (D:6)
  42 yaks
  11 wyverns
  2 fire elementals (Swamp:4)
  7 humans (Bailey)
  A dire elephant simulacrum (IceCv)
  7 basilisks
  56 redbacks
  3 chaos spawn (Gauntlet)
  2 neqoxecs
  9 steam dragons
  5 hogs (Swamp:4)
  20 vampire mosquitoes
  A harpy simulacrum (IceCv)
  5 wargs
  2 acid dragons
  12 swamp worms
  A swamp worm (shapeshifter) (Depths:1)
  16 water moccasins
  8 swamp drakes
  46 orc warriors
  2 ice beasts
  A black bear (D:5)
  3 sky beasts (D:7)
  11 ogres
  12 wolves
  17 centaurs
  A phantom (D:6)
  35 bullfrogs
  8 kobold brigands
  3 scorpions
  3 gnoll sergeants
  A necrophage (D:5)
  2 cane toad simulacra (IceCv)
  2 two-headed ogre simulacra (IceCv)
  7 wights
  50 killer bees
  6 electric eels
  5 howler monkeys
  2 jellies
  A lava snake (D:8)
  6 hounds
  32 orc priests
  A gnoll shaman (D:7)
  2 iguanas (D:7)
  23 orc wizards
  2 hell rats
  3 polar bear simulacra (IceCv)
  2 troll simulacra (IceCv)
  3 spriggan simulacra (IceCv)
  22 gnolls
  7 adders
  4 naga simulacra (IceCv)
  6 white imps
  6 ufetubi
  3 worms
  3 dart slugs
  118 orcs
  3 endoplasms
  2 giant cockroaches
  4 hobgoblins
  4 jackals (D:4)
  30 kobolds
  6 quokkas
  5 ball pythons
  4 bats
  4 frilled lizards
  12 goblins
  8 rats
  A butterfly (Lair:3)
1211 creatures vanquished.

Vanquished Creatures (collateral kills)
  An entropy weaver (Spider:4)
  A wolf spider (Spider:4)
  2 redbacks (Spider:4)
4 creatures vanquished.

Vanquished Creatures (others)
  Kirke (Swamp:4)
  A fire crab (Swamp:4)
  A smoke demon (Depths:1)
  A bloated husk (Swamp:4)
  A hornet (Swamp:3)
  A hog (Swamp:4)
  3 swamp drakes (Swamp:4)
  2 orc wizards
  2 orcs (Orc:1)
  6 foxfires (Swamp:4)
  19 fungi
  40 plants
  3 withered plants (D:15)
81 creatures vanquished.

Grand Total: 1296 creatures vanquished

Notes
Turn   | Place    | Note
-------+----------+-------------------------------------------
     0 | D:1      | ZappyNine the Minotaur Fighter began the quest for the Orb.
     0 | D:1      | Reached XP level 1. HP: 19/19 MP: 0/0
   328 | D:1      | Reached XP level 2. HP: 27/27 MP: 1/1
   469 | D:1      | Found a faded altar of an unknown god.
   683 | D:2      | Upgraded the game from 0.29-a0-668-g12ee2bf84d to
                  | 0.29-a0-676-ga64570c9d2
   848 | D:2      | Reached XP level 3. HP: 34/34 MP: 2/2
  1018 | D:2      | Found a shimmering altar of Xom.
  1052 | D:2      | You fall into a shaft and drop 1 floor!
  1294 | D:3      | Reached skill level 5 in Fighting
  1294 | D:3      | Reached XP level 4. HP: 24/42 MP: 3/3
  1508 | D:3      | Identified the +9 short sword of Egoam {vorpal, Dex+4}
  2391 | D:4      | Noticed a bullfrog
  2399 | D:4      | Killed a bullfrog
  2400 | D:4      | Reached XP level 5. HP: 30/49 MP: 4/4
  2568 | D:4      | Reached skill level 5 in Axes
  2775 | D:4      | Reached XP level 6. HP: 52/57 MP: 5/5
  2937 | D:4      | Noticed Grinder
  2939 | D:4      | Found a hide-covered altar of Uskayaw.
  2949 | D:4      | Paralysed by Grinder for 3 turns
  2954 | D:4      | Killed Grinder
  3069 | D:5      | Entered Level 5 of the Dungeon
  3121 | D:5      | Reached XP level 7. HP: 56/66 MP: 6/6
  3821 | D:5      | Found a stormy altar of Qazlal.
  4007 | D:5      | Became a worshipper of Qazlal Stormbringer
  4446 | D:6      | Reached skill level 1 in Invocations
  4446 | D:6      | Reached XP level 8. HP: 55/73 MP: 7/7
  4450 | D:6      | Reached skill level 5 in Armour
  4784 | D:6      | Found a staircase to the Ecumenical Temple.
  4789 | D:6      | Noticed Eustachio
  4823 | D:6      | Killed Eustachio
  4980 | D:6      | Got the Reference Book on Freezing Hexes
  5186 | D:6      | Noticed Maggie
  5199 | D:6      | Killed Maggie
  5481 | D:6      | Reached skill level 1 in Polearms
  5550 | D:6      | Reached XP level 9. HP: 54/84 MP: 10/10
  6486 | D:7      | Reached * piety under Qazlal
  6503 | D:7      | Reached skill level 5 in Shields
  6529 | D:7      | Reached skill level 10 in Fighting
  6943 | D:7      | Reached skill level 5 in Polearms
  7345 | D:7      | Found a white marble altar of Elyvilon.
  7345 | D:7      | Found an ancient bone altar of Kikubaaqudgha.
  7345 | D:7      | Found a shimmering blue altar of Sif Muna.
  7345 | D:7      | Found a snail-covered altar of Cheibriados.
  7588 | D:8      | Reached XP level 10. HP: 94/94 MP: 11/11
  7777 | D:8      | Reached ** piety under Qazlal
  8348 | D:9      | Noticed a two-headed ogre
  8352 | D:9      | Killed a two-headed ogre
  8380 | D:9      | Noticed a two-headed ogre
  8386 | D:9      | Killed a two-headed ogre
  8479 | D:9      | Found a flagged portal.
  8556 | Bailey   | Entered a bailey
  8565 | Bailey   | Reached skill level 5 in Invocations
  8619 | Bailey   | Reached *** piety under Qazlal
  8630 | Bailey   | Reached XP level 11. HP: 94/102 MP: 13/13
  8674 | Bailey   | Noticed Prince Ribbit
  8674 | Bailey   | Noticed a vault guard
  8687 | Bailey   | Killed Prince Ribbit
  8696 | Bailey   | Killed a vault guard
  8832 | Bailey   | Noticed a vault guard
  8857 | Bailey   | Killed a vault guard
  9060 | D:9      | Found a runed translucent door.
  9061 | D:9      | Noticed an ice dragon
  9061 | D:9      | Noticed a tengu warrior
  9061 | D:9      | Noticed a six-headed hydra
  9067 | D:9      | Reached skill level 10 in Armour
  9070 | D:9      | Noticed a deep elf pyromancer
  9089 | D:9      | Noticed a red very ugly thing
  9224 | D:9      | Found a glowing silver altar of Zin.
  9658 | D:10     | Entered Level 10 of the Dungeon
  9664 | D:10     | Reached **** piety under Qazlal
  9955 | D:10     | Found a staircase to the Orcish Mines.
 10403 | D:10     | Found a blossoming altar of Fedhas.
 10595 | D:11     | Found a frozen archway.
 10607 | IceCv    | Entered an ice cave
 10642 | IceCv    | Reached XP level 12. HP: 113/113 MP: 16/16
 10666 | IceCv    | Reached ***** piety under Qazlal
 10765 | IceCv    | Reached skill level 10 in Shields
 11192 | IceCv    | Noticed a reaper
 11217 | IceCv    | Killed a reaper
 11496 | D:11     | Noticed a five-headed hydra
 11504 | D:11     | Killed a five-headed hydra
 11696 | D:11     | Noticed a death yak
 11703 | D:11     | Noticed a death yak
 11706 | D:11     | Noticed a death yak
 11707 | D:11     | Killed a death yak
 11724 | D:11     | Killed a death yak
 11725 | D:11     | Reached skill level 10 in Polearms
 11732 | D:11     | Killed a death yak
 12137 | D:11     | Found a staircase to the Lair.
 12661 | D:12     | Noticed a centaur warrior
 12666 | D:12     | Killed a centaur warrior
 12751 | D:12     | Noticed a two-headed ogre
 12757 | D:12     | Killed a two-headed ogre
 12909 | D:12     | Found a hazy altar of Hepliaklqana.
 13035 | D:12     | Identified the +9 spear of Davisik {vorpal, Str+7}
 13081 | D:13     | Noticed a centaur warrior
 13112 | D:13     | Killed a centaur warrior
 13113 | D:13     | Reached XP level 13. HP: 103/123 MP: 18/18
 13566 | D:13     | Identified a scroll of acquirement
 13566 | D:13     | Acquired the brooch of Shielding {Spirit SH+8}
 13566 | D:13     | Found the brooch of Shielding {Spirit SH+8}
 13863 | D:13     | Found a gate to the Vaults.
 14774 | D:14     | Found a glowing golden altar of the Shining One.
 14894 | D:14     | Identified the +6 dagger of Eternal Vigilance {flame,
                  | *Corrode Str+5 Int+4 Stlth+}
 15030 | D:14     | Found a portal to a secret trove of treasure.
 15188 | D:15     | Entered Level 15 of the Dungeon
 15197 | D:15     | Found Lunerou's Jewellery Shoppe.
 15365 | D:15     | Reached ****** piety under Qazlal
 15729 | D:15     | Found a staircase to the Depths.
 15870 | D:15     | Reached XP level 14. HP: 133/133 MP: 20/20
 15899 | D:15     | Reached skill level 10 in Invocations
 15921 | D:15     | Noticed a storm dragon
 15931 | D:15     | Killed a storm dragon
 15932 | D:15     | Reached skill level 15 in Fighting
 17348 | D:9      | Killed a red very ugly thing
 17362 | D:9      | Got Qifu's Catalogue of Cloudy Execration
 17485 | Lair:1   | Entered Level 1 of the Lair of Beasts
 17565 | Lair:1   | Noticed Nergalle
 17579 | Lair:1   | Killed Nergalle
 17595 | Lair:1   | Noticed Joseph
 17602 | Lair:1   | Killed Joseph
 18290 | Lair:2   | Found the +0 mask of the Dragon {Will+ Slay+3 SInv}
 19072 | Lair:3   | Acquired a manual of Invocations
 19111 | Lair:3   | Found a gate leading to a gauntlet.
 19155 | Gauntlet | Entered a Gauntlet
 19155 | Gauntlet | Found a transporter.
 19155 | Gauntlet | Found a transporter.
 19168 | Gauntlet | Found a transporter.
 19168 | Gauntlet | Found a transporter.
 19176 | Gauntlet | Found a transporter.
 19180 | Gauntlet | Found a transporter.
 19189 | Gauntlet | Found a transporter.
 19204 | Gauntlet | Found a transporter.
 19219 | Gauntlet | Found a transporter.
 19223 | Gauntlet | Found a transporter.
 19235 | Gauntlet | Found a transporter.
 19239 | Gauntlet | Found a transporter.
 19258 | Gauntlet | Found a runed translucent door.
 19813 | Gauntlet | Got Roxanne's Disquisition on the Shifting Mountains
 20044 | Lair:3   | Found a hole to the Spider Nest.
 21196 | Lair:4   | Reached XP level 15. HP: 121/141 MP: 21/25
 21322 | Lair:4   | Reached skill level 15 in Invocations
 21422 | Lair:4   | Found a staircase to the Swamp.
 21651 | Lair:4   | Learned a level 2 spell: Wereblood
 21716 | Lair:5   | Reached skill level 1 in Transmutations
 21723 | Lair:5   | Reached skill level 1 in Spellcasting
 21885 | Lair:5   | Found a staircase to the Slime Pits.
 21886 | Lair:5   | Found a viscous altar of Jiyva.
 22192 | Lair:5   | Found a runed translucent door.
 22192 | Lair:5   | Identified the +10 trident of Intimidation {speed, rC+
                  | rN+++ Int+4 Dex-4}
 22192 | Lair:5   | Noticed SirDiesAlot's ghost (journeyman DEEE)
 22567 | Lair:6   | Entered Level 6 of the Lair of Beasts
 23591 | Lair:6   | Learned a level 1 spell: Beastly Appendage
 23596 | Lair:6   | Upgraded the game from 0.29-a0-676-ga64570c9d2 to
                  | 0.29-a0-717-g6dac4ea423
 23704 | Swamp:1  | Entered Level 1 of the Swamp
 25350 | Swamp:2  | Noticed a fenstrider witch
 25360 | Swamp:2  | Killed a fenstrider witch
 25650 | Swamp:2  | Reached XP level 16. HP: 151/151 MP: 26/26
 26026 | Swamp:3  | Reached skill level 15 in Armour
 27304 | Swamp:4  | Entered Level 4 of the Swamp
 27306 | Swamp:4  | Noticed Kirke
 27319 | Swamp:4  | Noticed a thorn hunter
 27352 | Swamp:4  | Killed a thorn hunter
 27359 | Swamp:4  | Killed Kirke
 27377 | Swamp:3  | Reached skill level 5 in Spellcasting
 28583 | Swamp:4  | Identified the +3 battleaxe "Raajitt" {protect, Dex+2}
 28713 | Swamp:4  | Got a decaying rune of Zot
 28866 | Swamp:4  | Upgraded the game from 0.29-a0-717-g6dac4ea423 to
                  | 0.29-a0-732-g3d7fbe0af2
 28866 | Swamp:4  | Upgraded the game from 0.29-a0-732-g3d7fbe0af2 to
                  | 0.29-a0-757-g358383bc75
 29028 | Orc:1    | Entered Level 1 of the Orcish Mines
 29028 | Orc:1    | Found Wodorus's Armour Boutique.
 29534 | Orc:2    | Entered Level 2 of the Orcish Mines
 29659 | Orc:1    | Paralysed by an orc sorcerer for 2 turns
 30330 | Orc:2    | Noticed Nessos
 30396 | Orc:2    | Noticed Saint Roka
 30437 | Orc:2    | Killed Nessos
 30838 | Orc:2    | Found Zamy's Assorted Antiques.
 30891 | Orc:2    | Found Xigelenn's Antique Armour Emporium.
 31213 | Orc:2    | Killed Saint Roka
 31249 | Orc:2    | Found Tuakuoli's Antique Armour Shoppe.
 31513 | Orc:2    | Bought a pair of glowing gloves for 240 gold pieces
 31723 | Orc:2    | Found Dacluo's Magic Scroll Boutique.
 31802 | Orc:2    | Reached skill level 15 in Polearms
 31986 | Orc:2    | Paralysed by an orc sorcerer for 5 turns
 31997 | Orc:2    | Reached XP level 17. HP: 114/161 MP: 21/28
 32200 | Orc:2    | Found a staircase to the Elven Halls.
 32655 | Orc:2    | Bought a scroll of identify for 34 gold pieces
 32655 | Orc:2    | Bought a scroll of identify for 34 gold pieces
 32655 | Orc:2    | Bought a scroll of identify for 34 gold pieces
 32655 | Orc:2    | Bought a scroll of poison for 59 gold pieces
 32826 | Spider:1 | Entered Level 1 of the Spider Nest
 32921 | Spider:1 | Noticed Arachne
 32925 | Spider:1 | Noticed Lahaam's ghost (adept MiBe)
 32930 | Spider:1 | Noticed Efoceph's ghost (adept GnFi)
 33006 | Spider:1 | Found a transporter.
 33044 | Spider:1 | Found a transporter.
 35529 | Spider:3 | Reached skill level 1 in Dodging
 36011 | Spider:3 | Reached skill level 5 in Dodging
 36154 | Spider:3 | Identified the +1 arbalest of Blind Justice {penet, Fragile
                  | rC+ Str+2 Int+3}
 36715 | Spider:4 | Entered Level 4 of the Spider Nest
 37444 | Spider:4 | Noticed Asterion
 37461 | Spider:4 | Killed Asterion
 37506 | Spider:4 | Reached XP level 18. HP: 63/170 MP: 10/29
 39066 | Spider:3 | Acquired the ring of Truth {Fly rElec rPois rN+ Str+7}
 39397 | Spider:4 | Reached skill level 15 in Shields
 39486 | Spider:4 | Got a gossamer rune of Zot
 39585 | Spider:4 | Lost intelligence.
 39882 | Depths:1 | Entered Level 1 of the Depths
 40136 | Depths:1 | Noticed Louise
 40167 | Depths:1 | HP: 1/170 [fire dragon/blast of flame (10)]
 40168 | Depths:1 | Found a one-way gate to the infinite horrors of the Abyss.
 40177 | Depths:1 | HP: 4/170 [fire dragon/blast of flame (1)]
 40179 | Depths:1 | Found a one-way gate leading to the halls of Pandemonium.
 40182 | Depths:1 | HP: 2/170 [fire dragon/blast of flame (4)]
 40188 | Depths:1 | Killed from afar by a fire dragon

Illustrated notes

Levels and vault maps discovered:
D:1:      tarquinn_simple_flora_water_a, layout_rooms,
          ebering_ecumenical_altar_ruins
D:2:      layout_basic, serial_bayou, serial_bayou_pond_e, serial_bayou_lake_a,
          serial_bayou_shore_b, serial_bayou_pond_c, serial_bayou_pond_a,
          serial_bayou_shore_a, basic_altar
D:3:      layout_loops_ring
D:4:      layout_basic, eat_drink_and_be_merry_uskayaw, uniq_grinder
D:5:      layout_basic, mainiacjoe_overflow_alcove_2
D:6:      layout_loops_ring, minmay_temple_entry_large_hall,
          minmay_quadrilaterals, uniq_maggie, uniq_eustachio
D:7:      layout_basic, grunt_temple_overflow_cloverleaf, st_stairs_3,
          minmay_fractal_squares_diagonal_5
D:8:      layout_basic, kennysheep_small_spiral
D:9:      layout_long_grid, lemuel_coloured_pillars_altar, enter_bailey_3,
          grunt_ministairs_14, minivault_13
D:10:     layout_cave_pools, mainiacjoe_overflow_surrounded_room, david_orc_3,
          serial_ice, serial_ice_l, serial_ice_m, serial_ice_d, serial_ice_g,
          serial_ice_n, serial_ice_b, grunt_ministairs_9, serial_bayou_lagoon_b
D:11:     layout_basic, dpeg_lair_monsters, portal_ice_cave_entry_pillars_2,
          chequers_arboretum
D:12:     layout_rooms, nzn_hepliaklqana_mist_gate
D:13:     kennysheep_demon_hangout, layout_gridville, erik_vaults_1
D:14:     layout_big_octagon, nicolae_trove_entry_diagonal, lemuel_tele_altar,
          nicolae_twisting_strands
D:15:     gammafunk_depths_entry_grave, layout_loops_ring, serial_shops,
          nicolae_shop_advertising_works [nicolae_subvault_shop_adworks],
          wad_floor_pattern_untrapped
Lair:1:   layout_cave_shapes, st_stairs_7, uniq_nergalle, uniq_joseph
Lair:2:   layout_cave_pods, special_room [special_room_bee]
Lair:3:   layout_cave_pods, hellmonk_spider_entry_life_and_decay,
          gauntlet_entry_generic, st_stairs_13, serial_bayou_pond_c,
          lemuel_fruit_tree, infiniplex_staircase_pool, lemuel_fruit_fields
Lair:4:   regret_index_bee_streams, layout_cave_shapes, swamp_mist
Lair:5:   layout_regular_city, slime_entry_1, ebering_ghost_funeral_grove,
          minmay_holes, nicolae_quartered_pool_medium
Lair:6:   gammafunk_lair_ancient_temple, layout_small_grid, wad_woods_03
Swamp:1:  layout_basic_swamp, hangedman_swamp_ruin_wall, swamp_pool1
Swamp:2:  layout_basic_swamp, evilmike_swamp_ruin_rubble_1
Swamp:3:  layout_basic_swamp, serial_swamp_ruin, evilmike_swamp_ruin_house_1,
          evilmike_swamp_ruin_house_3, evilmike_swamp_ruin_house_5
Swamp:4:  swamp_fiery, layout_basic_swamp, uniq_kirke
Spider:1: layout_spider_delve, special_room, nzn_ghost_randoct,
          nicolae_spider_nooks_and_crannies
Spider:2: layout_spider_delve, uniq_arachne
Spider:3: layout_spider_delve, drop_trap
Spider:4: spider_rune_water, uniq_asterion
Orc:1:    layout_caves, serial_shops, shop
Orc:2:    pubby_orc_utopia, serial_shops, uniq_nessos
Depths:1: layout_long_grid, enter_ziggurat_f, minmay_misc_feat_x,
          nicolae_abyss_entry_one_way_or_another, rand_demon_pan_entry_3,
          hangedman_coc_ice_floe, drop_trap, minmay_misc_feat_tiny, st_stairs_7,
          serial_sigils_hangedman_gut

Skill      XL: |  1  2  3  4  5  6  7  8  9 10 11 12 13 14 15 16 17 18 |
---------------+-------------------------------------------------------+-----
Fighting       | 4 5 6 7 8 9 10 11 12 13 14 15 16 17 | 17.5
Axes           | 3 4 5 6 7 8 |  8.9
Armour         | 4 6 8 9 10 12 13 14 16 | 16.6
Invocations    | 1 3 5 7 8 9 14 15 17 | 17.8
Polearms       | 2 5 7 9 10 12 13 15 16 | 16.0
Shields        | 6 7 9 11 12 13 16 | 16.0
Transmutations | 4 |  4.2
Spellcasting   | 4 5 6 |  6.5
Dodging        | 8 |  8.9

Action                   |  1- 3 |  4- 6 |  7- 9 | 10-12 | 13-15 | 16-18 || total
-------------------------+-------+-------+-------+-------+-------+-------++-------
Melee: War axe           |    82 |    62 |    80 |       |       |       ||   224
       Headbutt          |    13 |    13 |    42 |   120 |   322 |   380 ||   890
       Hand axe          |       |       |    54 |       |       |       ||    54
       Lance             |       |       |   142 |   710 |  1417 |  1913 ||  4182
       Unarmed           |       |       |       |       |       |     3 ||     3
 Cast: Beastly Appendage |       |       |       |       |     1 |       ||     1
       Wereblood         |       |       |       |       |     1 |       ||     1
Invok: Upheaval          |       |       |       |       |     3 |     6 ||     9
       Disaster Area     |       |       |       |       |     1 |       ||     1
       Elemental Force   |       |       |       |       |       |     1 ||     1
  Use: Potion            |       |       |     1 |     2 |     7 |     9 ||    19
       Scroll            |       |       |    21 |     4 |     8 |     8 ||    41
 Stab: Invisible         |       |       |       |       |     6 |     4 ||    10
       Confused          |       |       |       |       |     1 |     5 ||     6
       Petrified         |       |       |       |       |       |     2 ||     2
       Paralysed         |       |       |       |       |       |     5 ||     5
Armor: Scale mail        |    37 |    33 |     9 |       |       |       ||    79
       Plate armour      |       |       |   108 |    12 |       |       ||   120
       Pearl dragon scal |       |       |       |   210 |   264 |   709 ||  1183
Dodge: Dodged            |    37 |    25 |    54 |   101 |   123 |   351 ||   691
       Repelled          |       |       |       |     2 |     3 |    13 ||    18
Block: Buckler           |    16 |    12 |    26 |       |       |       ||    54
       Kite shield       |       |       |    47 |   448 |  1061 |  1609 ||  3165
       Reflection        |       |       |       |    19 |    10 |       ||    29
       Other             |       |       |       |       |       |     4 ||     4
       Tower shield      |       |       |       |       |       |   607 ||   607

Table legend: (Time is in decaauts)
 A = Elapsed time spent in this place.
 B = Non-inter-level travel time spent in this place.
 C = Inter-level travel time spent in this place.
 D = Time resting spent in this place.
 E = Time spent auto-exploring this place.
 F = Levels seen in this place.
 G = Mean time per level.
                   A        B        C        D        E       F      G
               +--------+--------+--------+--------+--------+-----+--------+
         Total |  39460 |  35456 |   4004 |   7019 |  21534 |  35 | 1127.4 |
       Dungeon |  17237 |  14763 |   2474 |   2148 |  10282 |  15 | 1149.1 |
          Lair |   5844 |   5176 |    668 |     84 |   4286 |   6 |  974.0 |
         Swamp |   4668 |   4520 |    148 |   1395 |   2333 |   4 | 1167.0 |
   Spider Nest |   6215 |   5699 |    516 |   1697 |   2804 |   4 | 1553.8 |
  Orcish Mines |   3501 |   3306 |    195 |    846 |   1751 |   2 | 1750.5 |
        Depths |    150 |    149 |      1 |      0 |     40 |   1 |  150.0 |
        Bailey |    388 |    388 |      0 |    117 |      0 |   1 |  388.0 |
      Ice Cave |    823 |    823 |      0 |    552 |     36 |   1 |  823.0 |
      Gauntlet |    631 |    631 |      0 |    179 |      0 |   1 |  631.0 |
               +--------+--------+--------+--------+--------+-----+--------+

Top non-repeatable levels by time:
Spider:3: 2824 daAuts
   Orc:2: 2593 daAuts
     D:6: 1757 daAuts
    D:15: 1623 daAuts
     D:7: 1591 daAuts
     D:9: 1558 daAuts
 Swamp:3: 1446 daAuts
    D:11: 1395 daAuts
    D:13: 1352 daAuts
 Swamp:2: 1219 daAuts
Spider:1: 1186 daAuts
Spider:4: 1117 daAuts
     D:5: 1109 daAuts
    D:10: 1104 daAuts
     D:3: 1099 daAuts
